 Dungeon Crawl Stone Soup version 0.21.1-1-g345015fe64 (webtiles) character file.

59 DildoBatman the Sneak (level 4, -3/35 HPs)
             Began as a Formicid Enchanter on Feb 26, 2018.
             Killed from afar by Sigmund (9 damage)
             ... with a magic dart
             ... on level 2 of the Dungeon.
             The game lasted 00:03:01 (1293 turns).

DildoBatman the Sneak (Formicid Enchanter)          Turns: 1293, Time: 00:03:01

Health: -3/35      AC:  3    Str: 14    XL:     4   Next: 22%
Magic:  7/7        EV: 12    Int: 14    God:
Gold:   32         SH:  0    Dex: 11    Spells: 1/7 levels left

rFire    . . .     SeeInvis +   a - +1 dagger
rCold    . . .     Gourm    .   (no shield)
rNeg     . . .     Faith    .   d - +0 leather armour
rPois    .         Spirit   .   (helmet unavailable)
rElec    .         Reflect  .   (no cloak)
rCorr    .         Harm     .   (no gloves)
MR       .....                  (no boots)
Stlth    ++........             (no amulet)
HPRegen  0.11/turn              (no ring)
MPRegen  0.10/turn              (no ring)

@: no status effects
A: permanent stasis, dig shafts and tunnels, four strong arms, antennae 3
a: Dig, Shaft Self


You were on level 2 of the Dungeon.
You were not hungry.

You visited 1 branch of the dungeon, and saw 2 of its levels.

You collected 32 gold pieces.

Inventory:

Hand Weapons
 a - a +1 dagger (weapon)
 b - a +0 mace
Armour
 d - a +0 leather armour (worn)
 j - a +0 robe
Scrolls
 h - a scroll of enchant armour {unknown}
 i - 3 scrolls of identify {unknown}
 k - 3 scrolls of remove curse {unknown}
Potions
 e - 3 potions of brilliance {unknown}
 g - 3 potions of haste {unknown}
 l - a potion of ambrosia {unknown}
Books
 c - a book of Maledictions

   Spells                             Type                      Level
   a - Corona                         Hexes                        1
   b - Ensorcelled Hibernation        Hexes/Ice                    2
   c - Confuse                        Hexes                        3
   d - Tukima's Dance                 Hexes                        3
   e - Dazzling Spray                 Conjuration/Hexes            3
 m - a book of Death

   Spells                             Type                      Level
   a - Corpse Rot                     Necromancy                   2
   b - Sublimation of Blood           Necromancy                   2
   c - Agony                          Necromancy                   5
   d - Dispel Undead                  Necromancy                   5
   e - Excruciating Wounds            Charms/Necromancy            5
   f - Bolt of Draining               Conjuration/Necromancy       5
Comestibles
 f - 3 chunks of flesh
 v - 2 rations


   Skills:
 - Level 3.4 Fighting
 - Level 1.0 Short Blades
 * Level 0.5 Armour
 * Level 1.9 Dodging
 * Level 3.8 Stealth
 - Level 2.1 Spellcasting
 - Level 3.6 Hexes


You had one spell level left.
You knew the following spells:

 Your Spells              Type           Power        Failure   Level  Hunger
a - Corona                Hex            ##.....      7%          1    #......
b - Confuse               Hex            ##......     21%         3    ###....
z - Sublimation of Blood  Necr           #.........   41%         2    ###....


Dungeon Overview and Level Annotations

Branches:
Dungeon (2/15)

Altars:

Annotations:
D:2 Sigmund


Innate Abilities, Weirdness & Mutations

You cannot be hasted, slowed, berserked, paralysed or teleported.
You can dig through walls and to a lower floor.
Your four strong arms can wield two-handed weapons with a shield.
You have a pair of large antennae on your head. (SInv)


Message History

An adder comes into view.
The adder moves out of view.
Sigmund mumbles some strange words.
Sigmund flickers and vanishes for a moment.
A giant cockroach comes into view.
The goblin hits you with a club.
A rat comes into view.
Sigmund gestures at you while chanting. The puff of flame hits you!
Sigmund screams, "Die, monster!"
You enter the shallow water.
Moving in this stuff is going to be slow.
Sigmund casts a spell at you. The puff of flame hits you!
The goblin hits you with a club. Sigmund gestures at you while chanting.
The puff of flame hits you! Sigmund gestures at you while chanting.
The magic dart hits you!
You die...

...≈..§r..≈........#
...≈..§.≈≈.@.....################
....≈≈...........................
...).≈≈..................########
..###≈≈§≈§≈###........##......#
÷..###≈≈≈≈###.........##[.....#
.....######...#.g####.##......#
..##........###..# #..#......#
..#........## #.@# ##.#[.....#
###.###..#.# #..# #.#......# #.#
#..#.####..# #.#......# #.#
##.#......<# #........# #.#
#.###############......# #.#
#>.....................# #.#
##################.....# #.. {
#.....# ### { #######'###


You could see Sigmund (invisible) and a goblin.

Vanquished Creatures
  Jessica (D:2)
  An ooze (D:2)
  A dart slug (D:2)
  3 ball pythons (D:1)
  3 giant cockroaches
  2 goblins (D:2)
  4 hobgoblins
  3 kobolds (D:1)
  5 bats
  2 frilled lizards (D:2)
  2 rats
27 creatures vanquished.

Notes
Turn   | Place    | Note
-------+----------+-------------------------------------------
     0 | D:1      | DildoBatman the Formicid Enchanter began the quest for the Orb.
     0 | D:1      | Reached XP level 1. HP: 13/13 MP: 3/3
   139 | D:1      | Reached skill level 1 in Fighting
   233 | D:1      | Reached XP level 2. HP: 19/21 MP: 1/5
   949 | D:2      | Noticed Jessica
   973 | D:2      | Killed Jessica
   973 | D:2      | Reached XP level 3. HP: 14/29 MP: 3/6
  1061 | D:2      | Learned a level 3 spell: Confuse
  1109 | D:2      | Reached XP level 4. HP: 28/35 MP: 4/7
  1205 | D:2      | Learned a level 2 spell: Sublimation of Blood
  1247 | D:2      | Noticed Sigmund
  1293 | D:2      | Killed from afar by Sigmund

Skill      XL: |  1  2 |
---------------+-------+-----
Fighting       | 1 3 |  3.4
Short Blades   | |  1.0
Armour         | |  0.5
Dodging        | |  1.9
Stealth        | |  3.8
Spellcasting   | |  2.1
Hexes          | |  3.6

Action                   |  1- 3 |  4- 6 || total
-------------------------+-------+-------++-------
Melee: Dagger            |    70 |    24 ||    94
 Cast: Corona            |    21 |     8 ||    29
 Abil: Dig               |     1 |       ||     1
 Stab: Sleeping          |     3 |       ||     3
  Eat: Chunk             |     1 |     1 ||     2
Armor: Leather armour    |    20 |    13 ||    33
Dodge: Dodged            |    41 |    22 ||    63
